 Dungeon Crawl Stone Soup version 0.30-b1-2-g02819fbbbe (webtiles) character file.

Game seed: 11195231786417748032

9366 Mesmaeker13 the Reanimator (level 11, 0/86 HPs)
             Began as a Demigod Necromancer on June 10, 2023.
             Slain by an eight-headed hydra (12 damage)
             ... on level 1 of the Lair of Beasts.
             The game lasted 00:28:05 (12435 turns).

Mesmaeker13 the Reanimator (Demigod Necromancer)   Turns: 12435, Time: 00:28:06

Health: 0/86       AC: 11    Str: 19    XL:     11   Next: 2%
Magic:  18/28      EV: 12    Int: 21    God:
Gold:   600        SH:  0    Dex: 20    Spells: 14/27 levels left

rFire   . . .        F - +6 rapier of Melee {pain, *Rage rN+ Str+2}
rCold   . . .        (no shield)
rNeg    + . .        B - +0 acid dragon scales
rPois   .            (no helmet)
rElec   .            A - +0 cloak
rCorr   +            m - +0 pair of gloves
SInv    .            G - +0 pair of boots
Will    ++...        (no amulet)
Stlth   ++           e - +6 ring of dexterity
HPRegen 0.34/turn    y - ring of willpower
MPRegen 0.21/turn

%: random rage (20%)
@: brilliant
A: high MP 1, forlorn, divine attributes
a: no special abilities


You were on level 1 of the Lair of Beasts.
You visited 2 branches of the dungeon, and saw 11 of its levels.

You collected 600 gold pieces.

Inventory:

Hand Weapons
 v - a +1 whip of holy wrath
 C - a +3 scimitar
 F - the +6 rapier of Melee (weapon) {pain, *Rage rN+ Str+2}
   (You found it on level 1 of the Lair of Beasts)

   Str:       It affects your strength (+2).
   rN:        It protects you from negative energy.
   *Rage:     It berserks you when you make melee attacks (+20% chance).
Missiles
 r - 29 poisoned darts (quivered)
Armour
 m - a +0 pair of gloves (worn)
 p - a +0 leather armour of cold resistance
 A - a +0 cloak (worn)
 B - +0 acid dragon scales (worn)
 G - a +0 pair of boots (worn)
Jewellery
 e - a +6 ring of dexterity (left hand)
 y - a ring of willpower (right hand)
Scrolls
 d - 2 scrolls of blinking
 f - 7 scrolls of teleportation
 j - 3 scrolls of torment
 l - 2 scrolls of summoning {unknown}
 t - 3 scrolls of enchant armour
 u - a scroll of enchant weapon {unknown}
 w - 2 scrolls of amnesia
 x - a scroll of poison {unknown}
 z - 2 scrolls of immolation {unknown}
 E - a scroll of silence {unknown}
Potions
 a - 2 potions of curing
 b - 3 potions of magic
 g - a potion of mutation
 h - a potion of flight {unknown}
 i - 3 potions of berserk rage
 k - a potion of ambrosia {unknown}
 o - a potion of brilliance
 q - a potion of attraction {unknown}
 s - 3 potions of heal wounds
 D - 2 potions of resistance {unknown}


   Skills:
 + Level 5.0 Fighting
 - Level 7.2 Armour
 - Level 1.7 Dodging
 - Level 3.1 Stealth
 + Level 8.8 Spellcasting
 + Level 10.1 Necromancy


You had 14 spell levels left.
You knew the following spells:

 Your Spells              Type           Power      Damage    Failure   Level
a - Necrotise             Necr           100%       1d9       1%          1
b - Vampiric Draining     Necr           67%        2d10      1%          3
c - Animate Dead          Necr           67%        N/A       1%          4
d - Agony                 Necr           67%        N/A       4%          5

Your spell library contained the following spells:

 Spells                   Type           Power      Damage    Failure   Level
 Beastly Appendage        Tmut           26%        N/A       10%         1
 Summon Small Mammal      Summ           52%        N/A       10%         1
 Lesser Beckoning         Tloc           26%        N/A       14%         2
 Wereblood                Tmut           13%        N/A       14%         2
 Call Canine Familiar     Summ           13%        N/A       28%         3
 Gell's Gravitas          Tloc           13%        N/A       28%         3
 Spider Form              Tmut/Pois      13%        N/A       28%         3
 Summon Guardian Golem    Hex/Summ       13%        N/A       28%         3
 Teleport Other           Tloc           13%        N/A       28%         3
 Dispersal                Tloc           6%         N/A       100%        6


Dungeon Overview and Level Annotations

Branches:
Dungeon (10/15)            Temple (0/1) D:4            Lair (1/5) D:8
    Orc: D:9-12

Shops:
D:3 **

Annotations:
D:4 2 transporters, rdm's ghost, amateur HuIE


Innate Abilities, Weirdness & Mutations

You have an increased reservoir of magic. (+10% MP)
You shall have no god before yourself.
Your divine heritage dramatically boosts your attributes as you level up.


Message History

Press: ? - help, Shift-Dir - straight line, f/p - eight-headed hydra
Aim: an eight-headed hydra (severely wounded, chance to affect: 52%)
You feel a surge of power!
The eight-headed hydra writhes in agony.
The eight-headed hydra barely misses you.
The eight-headed hydra bites you.
The eight-headed hydra bites you but does no damage.
The eight-headed hydra bites you! The eight-headed hydra misses you.
The eight-headed hydra bites you but does no damage.
The eight-headed hydra barely misses you.
The eight-headed hydra bites you.
Casting: Necrotise (safe; 1% risk of failure)
Confirm with . or Enter, or press ? or * to list all spells.
Aiming: Necrotise (safe; 1% risk of failure)
Press: ? - help, Shift-Dir - straight line, f/p - eight-headed hydra
Aim: an eight-headed hydra (severely wounded, chance to affect: 52%)
You feel a surge of power!
The eight-headed hydra resists with significant effort.
The eight-headed hydra barely misses you.
The eight-headed hydra bites you but does no damage.
The eight-headed hydra bites you. The eight-headed hydra misses you.
The eight-headed hydra closely misses you.
The eight-headed hydra bites you!
* * * LOW HITPOINT WARNING * * *
The eight-headed hydra misses you.
The eight-headed hydra barely misses you.
Unknown command.
Casting: Necrotise (safe; 1% risk of failure)
Confirm with . or Enter, or press ? or * to list all spells.
Aiming: Vampiric Draining (safe; 1% risk of failure)
Press: ? - help, Shift-Dir - straight line, f/p - eight-headed hydra
Aim: an eight-headed hydra (severely wounded)
You feel a surge of power!
You draw life force from the eight-headed hydra.
You feel life coursing into your body.
The eight-headed hydra bites you but does no damage.
The eight-headed hydra bites you!
* * * LOW HITPOINT WARNING * * *
The eight-headed hydra bites you!
You die...

.....#...........................
.................................
.................................
...##.###.###..................Z.
..####.##.##..................###
...........##........[........#..
..#....................(......#..
..##.......#..................#~~
..##.......##...@D............###
..#.........#................P~≈~
..#........##...............P~≈≈~
..####..####...............P~≈≈≈~
..####'P#####..............~~≈≈≈~
.........................P~~≈≈≈≈≈
#.#P#.###.#####..#.#......~≈≈≈~~.
####### ### #######P...~~≈≈~~..
##...~≈≈≈≈.P~


You could see an eight-headed hydra.

Vanquished Creatures
  A black mamba (Lair:1)
  Joseph (D:7)
  2 komodo dragons (Lair:1)
  3 trolls
  A hornet (D:8)
  A wyvern (Lair:1)
  A yak (Lair:1)
  2 acid dragons
  4 water moccasins (Lair:1)
  3 orc warriors
  2 ice beasts
  A sky beast (D:7)
  2 black bears
  3 wolves (D:8)
  An ogre (D:5)
  3 kobold brigands
  11 bullfrogs
  3 scorpions
  4 wights
  13 killer bees
  2 electric eels (D:8)
  7 hounds
  3 orc priests
  4 sleepcaps
  3 iguanas
  A gnoll bouda (D:7)
  10 orc wizards
  15 gnolls
  8 adders
  A white imp (D:5)
  An ufetubus (D:7)
  A worm (D:2)
  3 dart slugs
  27 orcs
  5 ball pythons
  6 bats
  5 endoplasms
  4 giant cockroaches
  8 goblins
  4 hobgoblins
  3 quokkas
  5 frilled lizards
  23 kobolds
  3 rats
214 creatures vanquished.

Vanquished Creatures (collateral kills)
  A black mamba (Lair:1)
  A komodo dragon (Lair:1)
  5 yaks (Lair:1)
  A wyvern (D:9)
  A shadow (D:9)
  A wraith (D:9)
  2 water moccasins (Lair:1)
  A wolf (D:8)
  A kobold brigand (D:9)
  2 killer bees
  2 hounds
  2 orc priests (D:8)
  An orc wizard (D:9)
  A shadow imp (D:6)
  7 orcs
  3 goblins
  3 kobolds (D:9)
  A rat (D:3)
36 creatures vanquished.

Vanquished Creatures (others)
  A hornet zombie (D:8)
  A komodo dragon zombie (Lair:1)
  A wyvern zombie (D:9)
  5 yak zombies (Lair:1)
  A water moccasin zombie (Lair:1)
  A troll zombie (D:9)
  A bullfrog zombie (D:6)
  7 killer bee zombies
  A hound zombie (D:8)
  11 orc zombies
  5 kobold zombies
  4 plants (Lair:1)
39 creatures vanquished.

Grand Total: 289 creatures vanquished

Notes
Turn   | Place    | Note
-------+----------+-------------------------------------------
     0 | D:1      | Mesmaeker13 the Demigod Necromancer began the quest for the
                  | Orb.
     0 | D:1      | Reached XP level 1. HP: 14/14 MP: 5/5
   328 | D:1      | Reached XP level 2. HP: 20/20 MP: 4/7
  1361 | D:2      | Reached XP level 3. HP: 25/26 MP: 5/9
  1365 | D:2      | Learned a level 3 spell: Vampiric Draining
  1440 | D:2      | Reached skill level 4 in Necromancy
  2120 | D:2      | Reached XP level 4. HP: 33/33 MP: 4/10
  2628 | D:3      | Found Ivvaive's General Store.
  2727 | D:3      | Found Yguewna's General Store.
  3085 | D:4      | Learned a level 4 spell: Animate Dead
  3286 | D:4      | Found a transporter.
  3289 | D:4      | Noticed rdm's ghost (amateur HuIE)
  3290 | D:4      | Found a transporter.
  3351 | D:4      | Reached XP level 5. HP: 33/38 MP: 8/12
  3359 | D:4      | Reached skill level 1 in Armour
  3600 | D:4      | Found a staircase to the Ecumenical Temple.
  3939 | D:5      | Entered Level 5 of the Dungeon
  4017 | D:5      | Reached skill level 5 in Necromancy
  4017 | D:5      | Reached XP level 6. HP: 45/45 MP: 10/14
  4710 | D:5      | Reached XP level 7. HP: 50/50 MP: 10/16
  5435 | D:6      | Reached skill level 6 in Necromancy
  6249 | D:6      | Reached skill level 5 in Spellcasting
  6249 | D:6      | Reached XP level 8. HP: 57/57 MP: 17/19
  6516 | D:7      | Noticed Joseph
  6532 | D:7      | Reached skill level 5 in Armour
  6773 | D:7      | Killed Joseph
  6774 | D:7      | Reached skill level 7 in Necromancy
  7660 | D:8      | Reached XP level 9. HP: 53/62 MP: 11/22
  7809 | D:8      | Learned a level 5 spell: Agony
  8080 | D:8      | Reached skill level 8 in Necromancy
  8080 | D:8      | Paralysed by a hornet for 1 turns
  8763 | D:8      | Found a staircase to the Lair.
  9879 | D:9      | Reached skill level 1 in Fighting
 10116 | D:9      | Reached XP level 10. HP: 52/72 MP: 3/25
 10369 | D:9      | Reached skill level 9 in Necromancy
 10835 | D:10     | Entered Level 10 of the Dungeon
 11035 | D:10     | Noticed a two-headed ogre
 11146 | Lair:1   | Entered Level 1 of the Lair of Beasts
 11448 | Lair:1   | Found a dark tunnel.
 11998 | Lair:1   | Identified the +6 rapier of Melee {pain, *Rage rN+ Str+2}
 12066 | Lair:1   | Noticed a black mamba
 12073 | Lair:1   | Killed a black mamba
 12074 | Lair:1   | Reached skill level 10 in Necromancy
 12198 | Lair:1   | Noticed a black mamba
 12203 | Lair:1   | Killed a black mamba
 12204 | Lair:1   | Reached skill level 5 in Fighting
 12204 | Lair:1   | Reached XP level 11. HP: 53/86 MP: 28/28
 12352 | Lair:1   | Noticed an eight-headed hydra
 12435 | Lair:1   | Slain by an eight-headed hydra

Illustrated notes

Levels and vault maps discovered:
D:1:      onia_arrival_mini_maze, layout_basic, basic_ecumenical_altar
D:2:      wad_river_or_something, layout_basic
D:3:      minmay_general_purpose_star, layout_rooms,
          mainiacjoe_overflow_boulevard, serial_shops, nicolae_diamond_shop,
          shop
D:4:      layout_rooms, mainiacjoe_overflow_concentric_impassable,
          temple_statues, gammafunk_ghost_mausoleum, minmay_goblin_outpost
D:5:      layout_loops_ring, nicolae_dithmenos_through_a_glass_darkly,
          grunt_ministairs_2, nicolae_underground_beach
D:6:      layout_basic
D:7:      layout_basic, grunt_temple_overflow_diamond, uniq_joseph
D:8:      layout_gridville, overflow_temple_1_default,
          mainiacjoe_overflow_divided_tiny, erik_lair_island
D:9:      layout_irregular_city, amcnicky_altar_gilded,
          amcnicky_mini_pool_medium
D:10:     layout_long_grid, kennysheep_little_box, nicolae_rejected_hall,
          uniq_sonja
Lair:1:   cheibrodos_lair_river_kwai, layout_regular_city,
          nicolae_volcano_entry_two_sided, nzn_sisyphean_effort,
          grunt_megastairs_1

Skill      XL: |  1  2  3  4  5  6  7  8  9 10 |
---------------+-------------------------------+-----
Stealth        | 2 3 |  3.1
Spellcasting   | 2 3 4 5 6 7 8 |  8.8
Necromancy     | 4 5 6 7 8 10 | 10.1
Armour         | 2 3 4 5 7 |  7.2
Fighting       | 1 5 |  5.0
Dodging        | |  1.7

Action                     |  1- 3 |  4- 6 |  7- 9 | 10-12 || total
---------------------------+-------+-------+-------+-------++-------
  Melee: Spear             |    52 |     8 |       |       ||    60
         Whip              |       |    27 |   213 |    89 ||   329
         Punch             |       |     1 |     5 |       ||     6
         Rapier            |       |       |       |    18 ||    18
  Throw: Dart              |       |    40 |    37 |    10 ||    87
   Cast: Necrotise         |    61 |   116 |    94 |    13 ||   284
         Vampiric Draining |       |     6 |    56 |    26 ||    88
         Animate Dead      |       |       |    13 |     7 ||    20
         Agony             |       |       |     3 |     9 ||    12
  Evoke: Wand              |       |       |    16 |     1 ||    17
    Use: Scroll            |       |     5 |     3 |     3 ||    11
         Potion            |       |       |       |     3 ||     3
   Stab: Sleeping          |     5 |       |       |       ||     5
         Distracted        |       |       |       |     1 ||     1
 Armour: Robe              |    13 |     2 |       |       ||    15
         Leather armour    |       |    13 |    35 |       ||    48
         Acid dragon scale |       |       |    63 |   102 ||   165
  Dodge: Dodged            |    41 |    34 |   247 |   153 ||   475
